[Event "ICC Open 2015"]
[Site "Internet Chess Club"]
[Date "2015.05.30"]
[Round "8"]
[White "pranav-nsk"]
[Black "xwang1"]
[Result "0-1"]
[ICCResult "White resigns"]
[WhiteElo "1382"]
[BlackElo "1855"]
[Opening "Queen's pawn game"]
[ECO "D02"]
[NIC "QP.08"]
[Time "20:15:20"]
[TimeControl "180+0"]

1. d4 d5 2. Nf3 c6 3. c3 Nf6 4. Bg5 h6 5. Bxf6 exf6 6. e3 Bd6 7. Bd3 O-O 8.
Qc2 Nd7 9. Nbd2 Re8 10. O-O Nf8 11. e4 dxe4 12. Nxe4 Bc7 13. Ng3 Ne6 14. Qd2
Nf4 15. Bc2 Qd5 16. Rfe1 Bg4 17. Rxe8+ Rxe8 18. Ne1 Ne2+ 19. Nxe2 Rxe2 20.
Qd3 Qd6 21. g3 g6 22. f3 Rxh2 23. fxg4 Rh3 24. Ng2 Rxg3 25. Qe2 Kg7 26. Re1
Qd5 27. Qf2 Rxg4 28. Re7 Bg3 29. Qe2 Qg5 30. Rxb7 Bf4 31. Rxa7 Be3+ 32. Kf1
Qh5 33. Qxe3 Qh1+ 34. Qg1 Qh3 35. Bd1 Rf4+ 36. Ke1 Qg3+ 37. Kd2 Rf2+ 38. Be2
Rxg2 39. Qf1 Qg5+ 40. Kd3 Qb5+ 41. Kd2 Qxb2+ 42. Kd3 Rg3+ 43. Bf3 Qb5+ 44.
c4 Qf5+ 45. Ke2 Qc2+ 46. Ke3 Qc3+ 47. Kf2 Rxf3+ 48. Ke2 Rxf1 49. Kxf1 Qxc4+
50. Ke1 Qxd4 51. Ra3 Qb4+ 52. Kd1 Qxa3 {White resigns} 0-1

[Event "ICC Open 2015"]
[Site "Internet Chess Club"]
[Date "2015.05.30"]
[Round "8"]
[White "JArookie"]
[Black "PajoPatak"]
[Result "0-1"]
[ICCResult "White forfeits on time"]
[WhiteElo "1860"]
[BlackElo "1668"]
[Opening "Sicilian: Najdorf"]
[ECO "B90"]
[NIC "SI.14"]
[Time "20:15:14"]
[TimeControl "180+0"]

1. e4 c5 2. Nf3 d6 3. d4 cxd4 4. Nxd4 Nf6 5. Nc3 a6 6. f3 e5 7. Nb3 Be6 8.
Be3 h5 9. Qd2 Nbd7 10. O-O-O Be7 11. Kb1 Qc7 12. h4 b5 13. Nd5 Bxd5 14. exd5
Nb6 15. Bxb6 Qxb6 16. Na5 Rc8 17. g4 hxg4 18. fxg4 Ne4 19. Qe1 Nf2 20. Nc6
Nxd1 21. Nxe7 Kxe7 22. Qxd1 Qf2 23. h5 Rc5 24. Bd3 Qd4 25. Qf3 Qxd5 26. Be4
Qe6 27. Rf1 Qf6 28. Qe2 Qe6 29. Bf5 Qc4 30. Bd3 Qe6 31. Bf5 Qc4 32. Bd3 Qd5
33. Qf2 Rb8 34. b3 f6 35. Qf5 Qe6 36. Qg6 Qf7 37. Qf5 a5 38. h6 gxh6 39. g5
hxg5 40. Rh1 Rg8 41. Rh7 Rg7 {White forfeits on time} 0-1

[Event "ICC Open 2015"]
[Site "Internet Chess Club"]
[Date "2015.05.30"]
[Round "8"]
[White "guibiazotto"]
[Black "EddieBarber"]
[Result "0-1"]
[ICCResult "White resigns"]
[WhiteElo "1669"]
[BlackElo "1849"]
[Opening "Fried fox defense"]
[ECO "B00"]
[NIC "VO.17"]
[Time "20:15:57"]
[TimeControl "180+0"]

1. e4 f6 2. d4 Kf7 3. Nf3 e6 4. d5 e5 5. Bc4 d6 6. Bd2 g6 7. Nc3 Kg7 8. Qc1
a6 9. O-O b5 10. Be2 Nd7 11. a3 Nc5 12. Be3 h5 13. Bxc5 dxc5 14. Rd1 Bd6 15.
b4 c4 16. Nb1 Qe7 17. c3 Nh6 18. Nbd2 Bd7 19. a4 Nf7 20. axb5 axb5 21. Rxa8
Rxa8 22. Qb2 Qd8 23. Ra1 Qb8 24. Ne1 Qb7 25. Nc2 Ra6 26. Ra3 Qa7 27. Rxa6
Qxa6 28. Na3 Nh6 29. h3 f5 30. exf5 Bxf5 31. Nf3 Be4 32. Nb1 Bxd5 33. Nbd2
Nf5 34. g4 hxg4 35. hxg4 Nh6 36. Nh4 Qc8 37. Qc2 Bf7 38. f3 Qd8 39. Ne4 Qxh4
40. Nxd6 cxd6 41. Qe4 Qg3+ 42. Kf1 d5 43. Qc2 Qh3+ 44. Kf2 Qh2+ 45. Ke1 Qg1+
46. Kd2 d4 47. cxd4 exd4 48. Qb2 c3+ 49. Qxc3 dxc3+ 50. Kxc3 Qe3+ 51. Bd3
Bc4 52. Kb2 Qxd3 53. Kc1 Bb3 {White resigns} 0-1

[Event "ICC Open 2015"]
[Site "Internet Chess Club"]
[Date "2015.05.30"]
[Round "8"]
[White "Red-white"]
[Black "aplusk"]
[Result "0-1"]
[ICCResult "White resigns"]
[WhiteElo "3083"]
[BlackElo "3023"]
[Opening "Queen's pawn game"]
[ECO "A46"]
[NIC "QP.06"]
[Time "20:16:13"]
[TimeControl "180+0"]

1. d4 Nf6 2. Nf3 c5 3. c3 e6 4. g3 Nc6 5. Bg2 Be7 6. O-O d5 7. Bg5 O-O 8.
Nbd2 cxd4 9. cxd4 h6 10. Bf4 Bd7 11. Nb3 Qb6 12. Ne5 a5 13. Nxd7 Nxd7 14.
Be3 a4 15. Nd2 Qxb2 16. Rb1 Qxa2 17. Rxb7 Rfd8 18. Nf3 Rab8 19. Rc7 Rbc8 20.
Rb7 Na5 21. Ra7 Ra8 22. Rxa8 Rxa8 23. Qa1 Qxa1 24. Rxa1 a3 25. Nd2 Nb6 26.
Bf4 Nbc4 27. Nxc4 Nxc4 28. e4 dxe4 29. Bxe4 Rd8 30. Be3 f5 31. Bd3 Na5 32.
Bc2 Kf7 33. Kf1 Nc6 34. Rd1 Bf6 35. d5 Rxd5 36. Rxd5 exd5 37. Bb3 Ke6 38.
Bc5 Be7 {White resigns} 0-1

[Event "ICC Open 2015"]
[Site "Internet Chess Club"]
[Date "2015.05.30"]
[Round "8"]
[White "HPG1947"]
[Black "Champion"]
[Result "0-1"]
[ICCResult "White forfeits on time"]
[WhiteElo "1747"]
[BlackElo "1924"]
[Opening "Sicilian: closed"]
[ECO "B23"]
[NIC "SI.44"]
[Time "20:15:30"]
[TimeControl "180+0"]

1. e4 c5 2. Nc3 d6 3. f4 Nf6 4. Nf3 g6 5. Bb5+ Nc6 6. Bxc6+ bxc6 7. O-O Bg7
8. d3 O-O 9. Qe1 Rb8 10. Qh4 h6 11. Rb1 Nh7 12. Bd2 e6 13. Qg3 Nf6 14. Qh4
Nh7 15. Qg3 Bd7 16. Kh1 Nf6 17. Qh4 Nh5 18. Qxd8 Rfxd8 19. b3 Bxc3 20. Bxc3
Nxf4 21. Bd2 e5 22. g3 Nh5 23. Bxh6 Ng7 24. Bg5 Ne6 25. Bf6 Re8 26. h4 Nf8
27. Ng5 d5 28. Rf2 Ne6 29. Rbf1 dxe4 30. Nxe4 Nd4 31. Nxc5 Bh3 32. Re1 Bg4
33. Re3 Nf5 34. Rxe5 Nxg3+ 35. Kg2 Rxe5 36. Bxe5 Nf5 37. Bxb8 Nxh4+ 38. Kg3
Nf5+ 39. Kxg4 Nh6+ 40. Kg5 Kg7 {White forfeits on time} 0-1

[Event "ICC Open 2015"]
[Site "Internet Chess Club"]
[Date "2015.05.30"]
[Round "8"]
[White "El-Flippo"]
[Black "Asmodeus"]
[Result "0-1"]
[ICCResult "White forfeits on time"]
[WhiteElo "1449"]
[BlackElo "1911"]
[Opening "Caro-Kann defense"]
[ECO "B10"]
[NIC "CK.01"]
[Time "20:15:43"]
[TimeControl "180+0"]

1. e4 c6 2. Nf3 d5 3. exd5 cxd5 4. d4 Nf6 5. Be2 Bg4 6. O-O e6 7. c3 Nc6 8.
Nbd2 Be7 9. Re1 O-O 10. Nf1 Rc8 11. h3 Bxf3 12. Bxf3 Qb6 13. Ne3 Rfe8 14.
Rb1 a6 15. Bd2 Na5 16. b3 Qc7 17. Rc1 b5 18. Qe2 Bd6 19. g3 Nc6 20. Ng4 Nxg4
21. hxg4 Qb6 22. Kg2 b4 23. Rh1 bxc3 24. Bxc3 Be7 25. Qd3 g6 26. Rcd1 Bf6
27. Rh2 a5 28. Qe3 Nb4 29. Qh6 Rxc3 30. Qxh7+ Kf8 31. Re1 Qxd4 32. a3 Rc2
33. Kg1 Nd3 34. Qh6+ Bg7 35. Qe3 Qxe3 36. fxe3 Rxh2 37. Kxh2 Rc8 38. Re2 Rc3
{White forfeits on time}
0-1

[Event "ICC Open 2015"]
[Site "Internet Chess Club"]
[Date "2015.05.30"]
[Round "8"]
[White "Ernie1"]
[Black "capperuccio"]
[Result "0-1"]
[ICCResult "White checkmated"]
[WhiteElo "1317"]
[BlackElo "1782"]
[Opening "Queen's pawn: Torre attack"]
[ECO "A40"]
[NIC "QP.04"]
[Time "20:16:07"]
[TimeControl "180+0"]

1. d4 e6 2. Nf3 Nf6 3. Bg5 Be7 4. Bxf6 Bxf6 5. e3 d5 6. Bd3 h6 7. c3 O-O 8.
Qc2 Nd7 9. h4 c5 10. Ng5 Bxg5 11. hxg5 Qxg5 12. Nd2 Qxg2 13. O-O-O Qxf2 14.
Rdg1 Qxe3 15. Kb1 cxd4 16. Bg6 dxc3 17. Bh7+ Kh8 18. Nb3 Nf6 19. Re1 Qg5 20.
Reg1 Qe3 21. Re1 Qb6 22. Rxh6 gxh6 23. Rh1 Nxh7 24. Rxh6 f5 25. Qh2 Rf7 26.
Qh5 Qg1+ 27. Nc1 Qg2 28. Qxf7 Qxb2# {White checkmated} 0-1

[Event "ICC Open 2015"]
[Site "Internet Chess Club"]
[Date "2015.05.30"]
[Round "8"]
[White "mvillalba"]
[Black "Dictator"]
[Result "1-0"]
[ICCResult "Black resigns"]
[WhiteElo "2279"]
[BlackElo "2580"]
[Opening "Giuoco Pianissimo: Italian four knights variation"]
[ECO "C55"]
[NIC "IG.01"]
[Time "20:15:32"]
[TimeControl "180+0"]

1. e4 e5 2. Nf3 Nc6 3. Bc4 Nf6 4. d3 Bc5 5. Nc3 a6 6. a3 d6 7. Bg5 h6 8. Be3
O-O 9. h3 Re8 10. O-O Be6 11. Bxe6 Rxe6 12. Qd2 Ne7 13. Nh2 Ng6 14. Ne2 Bxe3
15. Qxe3 d5 16. exd5 Nxd5 17. Qd2 Ndf4 18. Nxf4 Nxf4 19. Ng4 h5 20. Ne3 Qg5
21. Kh2 Rd8 22. g3 Nd5 23. Nc4 Qf6 24. Rae1 h4 25. Ne3 Qh6 26. Qe2 Qg5 27.
Nxd5 Rxd5 28. Qe3 hxg3+ 29. fxg3 Qxe3 30. Rxe3 f6 31. g4 Kf7 32. Rfe1 Rc6
33. R1e2 Rdc5 34. c3 Rd6 35. Rf2 Rcd5 36. Rff3 a5 37. Kg3 a4 38. h4 Rb6 39.
Rf2 Rdb5 40. Ree2 Rd5 41. Re3 Ke6 42. h5 Rdb5 43. Ree2 Rd6 44. d4 Rdb6 45.
dxe5 Rxe5 46. Rxe5+ fxe5 47. Kf3 Kd5 48. Ke3 e4 49. Rf5+ Kc4 50. Rf2 Kd5 51.
Rf5+ Kc4 52. Rf2 Kd5 53. g5 Ke5 54. Rh2 Kf5 55. h6 {Black resigns} 1-0

[Event "ICC Open 2015"]
[Site "Internet Chess Club"]
[Date "2015.05.30"]
[Round "8"]
[White "Svinotigr"]
[Black "ElMarginal"]
[Result "1-0"]
[ICCResult "Black checkmated"]
[WhiteElo "1705"]
[BlackElo "1465"]
[Opening "Réti: old Indian attack"]
[ECO "A06"]
[NIC "QP.09"]
[Time "20:16:07"]
[TimeControl "180+0"]

1. Nf3 d5 2. d3 Nc6 3. Nbd2 g6 4. e4 dxe4 5. dxe4 Bg7 6. Qe2 Nf6 7. c3 Bg4
8. g3 Ne5 9. Bg2 c6 10. O-O O-O 11. h4 h5 12. a4 a6 13. Re1 Qb6 14. Nc4 Nxc4
15. Qxc4 Be6 16. Qe2 Qb3 17. Nd4 Qc4 18. Bg5 Qxe2 19. Rxe2 Bc4 20. Ree1 Rfe8
21. Bxf6 exf6 22. b3 Be6 23. a5 f5 24. exf5 gxf5 25. b4 Bxd4 26. cxd4 Rad8
27. Rad1 Kf8 28. Bf3 Bb3 29. Rxe8+ Rxe8 30. Rd2 Re1+ 31. Kg2 Bd5 32. Bxd5
cxd5 33. Kf3 Kg7 34. Re2 Rxe2 35. Kxe2 Kf6 36. Kf3 Kg6 37. Kf4 f6 38. f3 Kf7
39. Kxf5 Kg7 40. g4 hxg4 41. fxg4 Kf7 42. h5 Kg7 43. h6+ Kf7 44. h7 Kg7 45.
h8=Q+ Kxh8 46. Kxf6 Kh7 47. Ke5 Kg6 48. Kxd5 Kg5 49. Ke6 Kxg4 50. d5 Kf4 51.
d6 Ke4 52. d7 Kd4 53. d8=Q+ Kc4 54. Qb6 Kb3 55. Qxb7 Ka4 56. Kd6 Ka3 57. Kc5
Ka4 58. Qxa6 Kb3 59. Qc4+ Ka4 60. a6 Ka3 61. a7 Kb2 62. a8=Q Kb1 63. Qaa2#
{Black checkmated}
1-0

[Event "ICC Open 2015"]
[Site "Internet Chess Club"]
[Date "2015.05.30"]
[Round "8"]
[White "HaraldEskilstu"]
[Black "rovov"]
[Result "1-0"]
[ICCResult "Black forfeits on time"]
[WhiteElo "2074"]
[BlackElo "1663"]
[Opening "French: Tarrasch, open variation"]
[ECO "C07"]
[NIC "FR.19"]
[Time "20:15:19"]
[TimeControl "180+0"]

1. e4 e6 2. d4 d5 3. Nd2 c5 4. exd5 Qxd5 5. Ngf3 cxd4 6. Bc4 Qd6 7. Qe2 Nf6
8. Nb3 Nc6 9. Bg5 Be7 10. O-O-O Qc7 11. Nbxd4 Nxd4 12. Rxd4 O-O 13. Rhd1 Rd8
14. Qe5 Qb6 15. Rxd8+ Bxd8 16. Qb5 h6 17. Be3 Bd7 18. Bxb6 Bxb5 19. Bxd8
Bxc4 20. Bxf6 gxf6 21. Ne1 Kf8 22. b3 Bd5 23. g3 Ke7 24. f4 Rd8 25. c4 Be4
26. Rxd8 Kxd8 27. Kd2 Kc7 28. a3 Kd6 29. Kc3 e5 30. b4 exf4 31. gxf4 Ke6 32.
Kd4 Kf5 33. Ke3 h5 34. Nf3 Bxf3 35. Kxf3 h4 36. h3 Ke6 37. Ke4 f5+ 38. Kd4
Kd6 39. a4 b6 40. a5 bxa5 41. bxa5 a6 42. Kd3 f6 43. Kd4 Kc6 44. c5 Kb5 45.
Kd5 Kxa5 46. c6 Kb4 47. c7 a5 48. c8=Q a4 49. Qb7+ Ka3 50. Kc4 Ka2 51. Qb4
{Black forfeits on time}
1-0

[Event "ICC Open 2015"]
[Site "Internet Chess Club"]
[Date "2015.05.30"]
[Round "8"]
[White "nihil95"]
[Black "Tyrel"]
[Result "0-1"]
[ICCResult "White resigns"]
[WhiteElo "1818"]
[BlackElo "2099"]
[Opening "Pirc defense"]
[ECO "B07"]
[NIC "PU.08"]
[Time "20:16:02"]
[TimeControl "180+0"]

1. e4 d6 2. d4 Nf6 3. Bd3 Nbd7 4. Nf3 e5 5. c3 Be7 6. O-O O-O 7. Qe2 c6 8.
h3 Re8 9. Bg5 Qc7 10. Nbd2 Nf8 11. Rac1 Ng6 12. Kh2 Nh5 13. Be3 Nhf4 14.
Bxf4 Nxf4 15. Qe3 Bf6 16. Ng1 Bg5 17. Qf3 Nxh3 18. Nxh3 Bxd2 19. Rcd1 Bh6
20. Rh1 Bd7 21. Qh5 Re6 22. Ng5 Rg6 23. Nxf7 Kxf7 24. Kg1 Bg4 25. Qh4 Bxd1
26. Kf1 Bg4 27. f3 Be6 28. Qh5 Bxa2 29. Rh4 Kg8 30. Rg4 Rxg4 31. Qxg4 Rf8
32. d5 Qc8 33. Qg3 Bf4 34. Qh4 cxd5 35. exd5 g6 36. Bxg6 hxg6 37. Qg4 Qxg4
{White resigns}
0-1

[Event "ICC Open 2015"]
[Site "Internet Chess Club"]
[Date "2015.05.30"]
[Round "8"]
[White "fredx"]
[Black "SirHarmony"]
[Result "0-1"]
[ICCResult "White forfeits on time"]
[WhiteElo "1149"]
[BlackElo "1537"]
[Opening "Queen's pawn: Charlick (Englund) gambit"]
[ECO "A40"]
[NIC "QO.17"]
[Time "20:15:47"]
[TimeControl "180+0"]

1. d4 e5 2. dxe5 d6 3. exd6 Bxd6 4. Nc3 Nc6 5. Nf3 Nf6 6. Bg5 Bf5 7. e3 Qe7
8. Be2 O-O-O 9. a4 h6 10. Bh4 g5 11. Bg3 Bxg3 12. hxg3 Rxd1+ 13. Rxd1 Rd8
14. Rxd8+ Nxd8 15. O-O Ne4 16. Nxe4 Bxe4 17. c4 h5 18. Nd4 h4 19. gxh4 gxh4
20. Nb5 h3 21. g3 Bg2 22. Rd1 b6 23. Nxa7+ Kb7 24. Nb5 Bc6 25. Bg4 Bg2 26.
Nd4 Ne6 27. Nxe6 fxe6 28. Kh2 Qf6 29. Bxh3 Bxh3 30. Kxh3 Qxf2 31. b4 Qxe3
32. c5 bxc5 33. bxc5 Qxc5 34. g4 Qe3+ 35. Kh4 Qe4 36. Kh5 Qxa4 37. Rg1 Qe4
38. g5 Qh7+ 39. Kg4 Qf5+ 40. Kh5 Qh7+ 41. Kg4 e5 42. Re1 e4 43. Kf4 Qh4+ 44.
Kf5 Qxe1 45. g6 e3 46. g7 Qg3 47. Kf6 Qxg7+ 48. Kxg7 e2 {White forfeits on
time} 0-1

[Event "ICC Open 2015"]
[Site "Internet Chess Club"]
[Date "2015.05.30"]
[Round "8"]
[White "airantrobo"]
[Black "iragefree"]
[Result "0-1"]
[ICCResult "White checkmated"]
[WhiteElo "1651"]
[BlackElo "1871"]
[Opening "Benkö gambit"]
[ECO "A57"]
[NIC "BI.46"]
[Time "20:15:43"]
[TimeControl "180+0"]

1. d4 Nf6 2. c4 c5 3. d5 b5 4. Qc2 bxc4 5. e4 d6 6. Bxc4 g6 7. h3 Bg7 8. Nf3
O-O 9. O-O Nbd7 10. Be3 Qb6 11. Nc3 Ba6 12. Bxa6 Qxa6 13. Rfe1 Rfb8 14. b3
Ne8 15. Bd2 Nc7 16. a4 Qb6 17. Rab1 Ne5 18. Be3 Nxf3+ 19. gxf3 Qb4 20. Na2
Qb7 21. a5 Qc8 22. Nc3 Qxh3 23. Ne2 Qxf3 24. Ng3 h5 25. Qe2 Qxe2 26. Rxe2
Na6 27. Reb2 Nb4 28. f4 Rb5 29. Ne2 Rxa5 30. f5 Rb8 31. Rd2 Ra2 32. Rxa2
Nxa2 33. fxg6 fxg6 34. Nf4 Kh7 35. Ne6 Be5 36. Bg5 Bf6 37. Be3 Nc3 38. Ra1
Rxb3 39. Rxa7 Nxe4 40. Nf8+ Kg7 41. Ne6+ Kf7 42. Bc1 Rb2 43. Bxb2 Bxb2 44.
Rb7 Bd4+ 45. Kf1 Nf6 46. Nxd4 cxd4 47. Rb4 Nxd5 48. Rxd4 e6 49. Kg1 Kf6 50.
Kg2 g5 51. Ra4 Nf4+ 52. Kf3 d5 53. Ra6 Kf5 54. Ra8 g4+ 55. Kg3 Ng6 56. Rg8
Kg5 57. Re8 h4+ 58. Kg2 e5 59. Rd8 Nf4+ 60. Kf2 d4 61. Rg8+ Kf5 62. Rf8+ Ke4
63. Rg8 g3+ 64. Kg1 g2 65. Rg4 h3 66. Rh4 Kf3 67. Rh8 Ne2+ 68. Kh2 g1=Q+ 69.
Kxh3 Qg3# {White checkmated} 0-1

[Event "ICC Open 2015"]
[Site "Internet Chess Club"]
[Date "2015.05.30"]
[Round "8"]
[White "MichaelBluth"]
[Black "Glamurius"]
[Result "0-1"]
[ICCResult "White checkmated"]
[WhiteElo "2355"]
[BlackElo "2950"]
[Opening "King's Indian, 3.Nf3"]
[ECO "E61"]
[NIC "QP.11"]
[Time "20:15:17"]
[TimeControl "180+0"]

1. Nf3 Nf6 2. c4 g6 3. d4 Bg7 4. Nc3 O-O 5. h3 d6 6. Bf4 b6 7. e3 c5 8. Be2
Bf5 9. Rc1 Nbd7 10. a3 Ne4 11. Nxe4 Bxe4 12. O-O Rc8 13. Nd2 Bb7 14. Bf3
Bxf3 15. Nxf3 h6 16. b4 Qc7 17. Qb3 Qb7 18. Rfd1 cxd4 19. exd4 e5 20. Be3 e4
21. Nd2 Kh7 22. Nf1 f5 23. d5 Ne5 24. Bf4 g5 25. Bh2 Rce8 26. Rb1 f4 27. c5
bxc5 28. bxc5 Qxb3 29. Rxb3 dxc5 30. Rb7 c4 31. Rc1 Rd8 32. Rb5 Rf7 33. Nd2
e3 34. fxe3 fxe3 35. Ne4 Nd3 36. Rcb1 e2 37. Bg3 Bd4+ 38. Kh2 Kg6 39. d6 Rf1
40. h4 gxh4 41. Bxh4 Be5+ 42. g3 e1=Q 43. Rxe1 Rxe1 44. Bxd8 Rxe4 45. d7 Rd4
46. Rb7 Bf6 47. Ba5 Rd5 48. Rxa7 c3 49. Rc7 Rxa5 50. Rxc3 Rd5 51. Rc8 Ne5
52. Rc2 Rxd7 53. Rf2 Ng4+ 54. Kg2 Nxf2 55. Kxf2 Ra7 56. Kf3 Rxa3+ 57. Kg4
Ra4+ 58. Kh3 Kg5 59. g4 Be5 60. Kg2 Ra3 61. Kf2 Kxg4 62. Kg2 Bf4 63. Kf2
Ra2+ 64. Ke1 Kf3 65. Kd1 h5 66. Ke1 Ra1# {White checkmated} 0-1

[Event "ICC Open 2015"]
[Site "Internet Chess Club"]
[Date "2015.05.30"]
[Round "8"]
[White "slothchess"]
[Black "DropZone"]
[Result "0-1"]
[ICCResult "White forfeits on time"]
[WhiteElo "1837"]
[BlackElo "2049"]
[Opening "Sicilian: O'Kelly variation"]
[ECO "B28"]
[NIC "SI.43"]
[Time "20:15:36"]
[TimeControl "180+0"]

1. e4 c5 2. Nf3 a6 3. d4 cxd4 4. Nxd4 Nf6 5. Nc3 e5 6. Nf3 Bb4 7. Bd2 d6 8.
Bd3 O-O 9. O-O Nbd7 10. Nd5 Nxd5 11. exd5 Bxd2 12. Qxd2 Nf6 13. Rfe1 Bg4 14.
Ng5 h6 15. Ne4 Nxd5 16. f3 Be6 17. Rad1 Qb6+ 18. Kh1 Nf4 19. Nxd6 Nxd3 20.
Qxd3 Rad8 21. Qa3 Qf2 22. c4 Rd7 23. c5 Rfd8 24. Rxe5 b6 25. b4 a5 26. Qe3
Qxe3 27. Rxe3 axb4 28. Ree1 bxc5 29. Kg1 c4 30. Kf2 c3 31. Rb1 Rxd6 32. Rxb4
Rd2+ 33. Kg3 Rxa2 34. Rbe4 Rdd2 35. Rc4 Rxg2+ 36. Kf4 Bxc4 37. Rc1 c2 38.
Ke3 Re2+ 39. Kd4 Bb3 40. Kc3 Ba4 {White forfeits on time} 0-1

[Event "ICC Open 2015"]
[Site "Internet Chess Club"]
[Date "2015.05.30"]
[Round "8"]
[White "pianoman"]
[Black "daddyo"]
[Result "1-0"]
[ICCResult "Black checkmated"]
[WhiteElo "2010"]
[BlackElo "1479"]
[Opening "Modern defense"]
[ECO "A40"]
[NIC "QO.17"]
[Time "20:16:04"]
[TimeControl "180+0"]

1. d4 g6 2. Nf3 Bg7 3. c4 e6 4. Nc3 Ne7 5. Bg5 O-O 6. e3 f6 7. Bh4 g5 8. Bg3
h5 9. h4 g4 10. Nd2 f5 11. Be2 d6 12. Qc2 e5 13. dxe5 Bxe5 14. O-O-O Bxg3
15. fxg3 Nbc6 16. Bd3 Be6 17. a3 Qd7 18. Nb3 Ne5 19. Nd4 Nxd3+ 20. Qxd3 Nc6
21. Rhf1 Ne5 22. Qc2 Nxc4 23. Rde1 Rae8 24. Rf4 Qg7 25. Nxf5 Bxf5 26. Rxf5
Rxf5 27. Qxf5 Rf8 28. Qxh5 Ne5 29. Rd1 Rf2 30. Qe8+ Kh7 31. Qe6 Qg6 32.
Qxg6+ Kxg6 33. Rd2 Rf1+ 34. Kc2 Nc4 35. Re2 Rf5 36. Kd3 d5 37. e4 Ne5+ 38.
Kd4 Nc6+ 39. Kc5 dxe4+ 40. Kc4 Re5 41. Nxe4 b5+ 42. Kd3 Ne7 43. Rc2 c6 44.
Nf2 Rd5+ 45. Ke2 Kh5 46. b4 Re5+ 47. Kf1 Rf5 48. Ke2 Re5+ 49. Kd2 Rd5+ 50.
Ke3 Re5+ 51. Kd4 Rd5+ 52. Ke4 Rf5 53. Nd3 Rd5 54. Nf4+ Kh6 55. Nxd5 Nxd5 56.
Rxc6+ Kg7 57. Kxd5 a5 58. Kc5 Kf7 59. bxa5 Kg7 60. Kb4 Kf7 61. Kxb5 Ke7 62.
a6 Kd7 63. a7 Ke7 64. a8=Q Kf7 65. Qa7+ Kf8 66. Rc8# {Black checkmated} 1-0

[Event "ICC Open 2015"]
[Site "Internet Chess Club"]
[Date "2015.05.30"]
[Round "8"]
[White "PADILLON2189"]
[Black "Ernani"]
[Result "0-1"]
[ICCResult "White forfeits on time"]
[WhiteElo "2067"]
[BlackElo "2654"]
[Opening "Benoni: classical, 9.O-O"]
[ECO "A73"]
[NIC "BI.16"]
[Time "20:15:12"]
[TimeControl "180+0"]

1. d4 Nf6 2. c4 c5 3. d5 e6 4. Nc3 exd5 5. cxd5 d6 6. e4 g6 7. Nf3 Bg7 8.
Be2 O-O 9. O-O Bg4 10. Nd2 Bxe2 11. Qxe2 Nbd7 12. Nc4 Nb6 13. a4 Nxc4 14.
Qxc4 Re8 15. Bf4 a6 16. Rfe1 Nh5 17. Bg3 Rb8 18. a5 Qf6 19. e5 dxe5 20. Ne4
Qd8 21. Nxc5 Nxg3 22. hxg3 Bf8 23. b4 Bd6 24. Rad1 f5 25. Ne6 Qd7 26. Rb1
Rbc8 27. Qe2 Qb5 28. Qb2 Qxd5 29. Ng5 Qc4 30. Rec1 Qd4 31. Qb3+ Kg7 32. Qf7+
Kh6 33. Rd1 Kxg5 34. Rxd4 exd4 35. f4+ Kh6 36. Qf6 Bf8 37. Qxd4 Rcd8 38. Qb6
Rd7 39. Kf2 Re4 40. Kg1 Rc4 41. Kh2 Rc2 42. b5 Rdd2 43. Rg1 axb5 44. Qxb7
Bc5 45. Rh1 b4 46. Kh3 b3 47. a6 b2 48. a7 b1=Q 49. Rxb1 Rxg2 50. Rh1 Bxa7
51. Qxg2 Rxg2 52. Kxg2+ Kg7 53. Kf3 Bd4 54. g4 Bf6 55. g5 Be7 56. Rb1 Kf7
57. Rb7 Ke6 58. Ke3 Kd6 59. Kd4 Ke6 60. Kc4 Bd6 61. Kb5 Bxf4 62. Kc6 Bxg5
{White forfeits on time}
0-1

[Event "ICC Open 2015"]
[Site "Internet Chess Club"]
[Date "2015.05.30"]
[Round "8"]
[White "h13"]
[Black "MoonlightWizard"]
[Result "0-1"]
[ICCResult "White resigns"]
[WhiteElo "2579"]
[BlackElo "2927"]
[Opening "Queen's Indian: Petrosian system"]
[ECO "E12"]
[NIC "QI.04"]
[Time "20:17:30"]
[TimeControl "180+0"]

1. d4 e6 2. Nf3 Nf6 3. c4 b6 4. a3 Bb7 5. Nc3 d5 6. Bg5 Be7 7. Qa4+ Qd7 8.
Qc2 O-O 9. e3 c5 10. Rd1 cxd4 11. Rxd4 Qc8 12. cxd5 Nxd5 13. Rxd5 exd5 14.
Bxe7 Re8 15. Bg5 Nc6 16. Bd3 d4 17. Nd5 Qg4 18. Bxh7+ Kh8 19. Bf5 Qxg2 20.
Rg1 Qxf3 21. Nc7 dxe3 22. fxe3 Nd4 23. Qf2 Qxf2+ 24. Kxf2 Nxf5 25. Nxa8 Bxa8
26. Rc1 Nd6 27. Bf4 Rc8 28. Rd1 Ne4+ 29. Ke2 Rc2+ 30. Kf3 Nc3+ {White
resigns} 0-1

[Event "ICC Open 2015"]
[Site "Internet Chess Club"]
[Date "2015.05.30"]
[Round "8"]
[White "Spirals"]
[Black "manitodeplomo"]
[Result "1/2-1/2"]
[ICCResult "White ran out of time and Black has no material to mate"]
[WhiteElo "2166"]
[BlackElo "2655"]
[Opening "Robatsch (modern) defense"]
[ECO "B06"]
[NIC "KF.05"]
[Time "20:15:32"]
[TimeControl "180+0"]

1. e4 g6 2. d4 Bg7 3. Nf3 c5 4. Nc3 Qa5 5. Be3 Nf6 6. Qd2 Nc6 7. d5 Nb4 8.
Bd3 d6 9. O-O O-O 10. a3 Nxd3 11. cxd3 Qd8 12. Bh6 a6 13. Bxg7 Kxg7 14. h3
b5 15. Rfe1 Bb7 16. d4 Rc8 17. Rad1 Re8 18. dxc5 Rxc5 19. Qf4 Qc7 20. Rd4 h6
21. g4 Rc4 22. Qd2 Rc8 23. e5 dxe5 24. Nxe5 Rxd4 25. Qxd4 Rd8 26. Qf4 Bxd5
27. Nxg6 Qxf4 28. Nxf4 e6 29. Rd1 Kf8 30. Nfxd5 exd5 31. Rd4 Ke7 32. f4 Ke6
33. b4 Rc8 34. Nd1 Rc2 35. Nf2 Rc3 36. Rd3 Rc4 37. f5+ Ke5 38. Kg2 Ne4 39.
Kf3 a5 40. bxa5 Ra4 41. Ke3 Rxa5 42. Nxe4 dxe4 43. Rb3 f6 44. Rc3 Kd5 45.
Kf4 Kd4 46. Re3 Rxa3 47. Rxa3 b4 48. Re3 Kc4 49. Rxe4+ Kc3 50. Re8 b3 51.
Rb8 b2 52. h4 Kc2 53. g5 hxg5+ 54. hxg5 fxg5+ 55. Kxg5 Kc1 56. Rxb2 Kxb2 57.
f6 Kc3 58. f7 Kd4 59. f8=Q Ke5 60. Qe7+ Kd5 61. Kf4 Kd4 62. Qe5+ Kc4 63. Qd6
Kb3 64. Ke4 Kc2 65. Qc6+ Kb3
{White ran out of time and Black has no material to mate}
1/2-1/2

[Event "ICC Open 2015"]
[Site "Internet Chess Club"]
[Date "2015.05.30"]
[Round "8"]
[White "Ricardov"]
[Black "wagnerbi"]
[Result "1-0"]
[ICCResult "Black forfeits on time"]
[WhiteElo "2337"]
[BlackElo "1979"]
[Opening "Sicilian: dragon, Yugoslav attack"]
[ECO "B75"]
[NIC "SI.17"]
[Time "20:15:52"]
[TimeControl "180+0"]

1. e4 c5 2. Nf3 d6 3. d4 cxd4 4. Nxd4 Nf6 5. Nc3 g6 6. Be3 Bg7 7. f3 Nc6 8.
Qd2 Bd7 9. g4 h5 10. g5 Nh7 11. Be2 Rc8 12. f4 Nxd4 13. Bxd4 O-O 14. Bxg7
Kxg7 15. f5 Qb6 16. O-O-O Rc5 17. Nd5 Qd8 18. Nxe7 Qxe7 19. f6+ Nxf6 20.
gxf6+ Qxf6 21. Rhf1 Qe5 22. Qxd6 Qxd6 23. Rxd6 Be6 24. b3 Rfc8 25. Bd3 a5
26. Kb2 a4 27. Ra1 b5 28. b4 Rc3 29. a3 Bb3 30. Rc1 Be6 31. Bxb5 Rh3 32. Rd2
Rcc3 33. Bd3 Rc7 34. c4 g5 35. c5 g4 36. b5 Bc8 37. c6 Be6 38. b6 Rxc6 39.
Rxc6 Bb3 40. b7 Be6 41. b8=Q {Black forfeits on time} 1-0

[Event "ICC Open 2015"]
[Site "Internet Chess Club"]
[Date "2015.05.30"]
[Round "8"]
[White "JOHEL"]
[Black "MichelRocard"]
[Result "1/2-1/2"]
[ICCResult "White ran out of time and Black has no material to mate"]
[WhiteElo "1695"]
[BlackElo "1941"]
[Opening "Scotch gambit: Benima defense"]
[ECO "C44"]
[NIC "SO.06"]
[Time "20:15:45"]
[TimeControl "180+0"]

1. e4 e5 2. Nf3 Nc6 3. d4 exd4 4. Bc4 Be7 5. c3 Nf6 6. e5 Ng4 7. cxd4 O-O 8.
h3 Nxf2 9. Kxf2 Bh4+ 10. g3 Be7 11. Nc3 b5 12. Nxb5 Bb7 13. Bf4 d6 14. exd6
cxd6 15. d5 Ne5 16. Bxe5 dxe5 17. Nxe5 Bc5+ 18. Kg2 Re8 19. Re1 Qg5 20. Nf3
Qf6 21. Rf1 Qxb2+ 22. Kh1 a6 23. Nc7 Re3 24. Nxa8 Bxa8 25. Rb1 Qf6 26. Rb8+
Bf8 27. Nd4 Qh6 28. h4 Rxg3 29. h5 Rg5 30. Rxf8+ Kxf8 31. Ne6+ Ke7 32. Nxg5
Qxg5 33. Qe2+ Kd7 34. Qg2 Qxh5+ 35. Kg1 Qg6 36. Qxg6 fxg6 37. Rf7+ Kd6 38.
Rxg7 a5 39. Rxh7 Bxd5 40. Bxd5 Kxd5 41. Rg7 Ke5 42. Rxg6 a4 43. Ra6 Kd4 44.
Rxa4+ Kc3 {White ran out of time and Black has no material to mate} 1/2-1/2